 Dungeon Crawl Stone Soup version 0.21-a0-442-g848f44b (webtiles) character file.

109 KristoblXynda the Ducker (level 4, -5/23 HPs)
             Began as a Spriggan Berserker on Nov 13, 2017.
             Was a Believer of Trog.
             Killed from afar by a white imp (14 damage)
             ... with a puff of frost
             ... summoned by Natasha
             ... on level 2 of the Dungeon.
             The game lasted 00:02:25 (1870 turns).

KristoblXynda the Ducker (Spriggan Berserker)       Turns: 1870, Time: 00:02:26

Health: -5/23      AC:  0    Str: 13    XL:     4   Next: 59%
Magic:  5/5        EV: 25    Int:  8    God:    Trog [**....]
Gold:   70         SH:  0    Dex: 21    Spells: 3/3 levels left

rFire    . . .     SeeInvis +   (weapon currently unavailable)
rCold    . . .     Gourm    .   (shield currently unavailable)
rNeg     . . .     Faith    .   (armour currently unavailable)
rPois    .         Spirit   .   (helmet currently unavailable)
rElec    .         Reflect  .   (cloak currently unavailable)
rCorr    .         Harm     .   (gloves unavailable)
MR       .....                  (boots unavailable)
Stlth    +++.......             (no amulet)
HPRegen  0.07/turn              (ring currently unavailable)
MPRegen  0.09/turn              (ring currently unavailable)

@: bat-form, flying, slowed, quick
A: unfitting armour, see invisible, herbivore 3, slow metabolism 2
a: Berserk, Trog's Hand, Burn Spellbooks, Renounce Religion


You were on level 2 of the Dungeon.
You worshipped Trog.
Trog was pleased with you.
You were not hungry.
You were in bat-form.
You visited 1 branch of the dungeon, and saw 2 of its levels.

You collected 70 gold pieces.

Inventory:

Hand Weapons
 a - a +0 short sword (melded)
Armour
 b - a +0 animal skin (melded)
Wands
 l - a wand of acid (6/15)
Scrolls
 f - a scroll of noise {unknown}
 g - 2 scrolls of remove curse {unknown}
 k - a scroll of identify {unknown}
 m - a scroll of fog {unknown}
Potions
 d - a potion of lignification {unknown}
 e - a potion of mutation {unknown}
 i - 2 potions of curing {unknown}
 j - a potion of degeneration {unknown}
Comestibles
 c - a bread ration
 h - 2 fruits


   Skills:
 - Level 2.4 Fighting
 * Level 4.8 Short Blades
 + Level 5.4 Dodging
 + Level 3.1 Stealth


You had 3 spell levels left.
You didn't know any spells.

Dungeon Overview and Level Annotations

Branches:
Dungeon (2/15)

Altars:
Cheibriados
Dithmenos
Hepliaklqana
Makhleb

Annotations:
D:2 Natasha


Innate Abilities, Weirdness & Mutations

You are very small and have problems with some larger weapons.
You are too small for most types of armour.
You have supernaturally acute eyesight. (SInv)
You are a herbivore.
((You cover ground extremely quickly.))
You need consume almost no food.


Message History

The white imp misses you. Natasha casts a spell at you.
The magic dart hits you!
You hit Natasha but do no damage.
Natasha is lightly wounded.
The white imp gestures at you. The puff of frost misses you.
Natasha misses you. The white imp hits you. The white imp freezes you.
The white imp completely misses you.
Natasha zaps a wand.
You easily resist.
You hit Natasha but do no damage.
Natasha is lightly wounded.
The white imp gestures at you. The puff of frost misses you.
The white imp hits you. The white imp freezes you.
Natasha casts a spell at you.
You easily resist.
The white imp gestures at you. The puff of frost hits you!
Ouch! That really hurt!
You die...

### .. ######
.# # .....#
####/#.#
####.#
#....#.#
####.#
#.5h...#
..##.#
#.5b._.#
#.##.#
##.....###
#.##.#
####.........
#.##.#
#....########
.....# #.#..#
#.#### #..†##
#.##### ##.##
......# #.#
#..##.# #.#


You could see Natasha and 2 white imps.

Vanquished Creatures
  Jessica (D:2)
  An iguana (D:2)
  Natasha (D:2)
  A dart slug (D:1)
  2 leopard geckos
  A giant cockroach (D:1)
  2 goblins (D:1)
  4 hobgoblins
  5 jackals (D:1)
  5 kobolds
  3 bats (D:1)
  A frilled lizard (D:2)
  5 rats
32 creatures vanquished.

Notes
Turn   | Place    | Note
-------+----------+-------------------------------------------
     0 | D:1      | KristoblXynda the Spriggan Berserker began the quest for the Orb.
     0 | D:1      | Reached XP level 1. HP: 11/11 MP: 2/2
   468 | D:1      | Reached skill level 1 in Stealth
   501 | D:1      | Reached XP level 2. HP: 14/16 MP: 3/3
  1372 | D:2      | Found a burning altar of Makhleb.
  1454 | D:2      | Found a hazy altar of Hepliaklqana.
  1463 | D:2      | Reached XP level 3. HP: 13/19 MP: 4/4
  1502 | D:2      | Found a shadowy altar of Dithmenos.
  1537 | D:2      | Reached skill level 5 in Dodging
  1597 | D:2      | Reached ** piety under Trog
  1734 | D:2      | Noticed Jessica
  1742 | D:2      | Killed Jessica
  1742 | D:2      | Reached XP level 4. HP: 23/23 MP: 5/5
  1850 | D:2      | Noticed Natasha
  1855 | D:2      | Found a snail-covered altar of Cheibriados.
  1857 | D:2      | Killed Natasha
  1859 | D:2      | Noticed Natasha
  1870 | D:2      | Killed from afar by a white imp

Vault maps used:
D:1:      dpeg_arrival_prison
D:2:      cheibriados_altar_1, nicolae_overflow_crystal_walls,
          lemuel_crystal_altar, old_standard_altar, kennysheep_generic_room_12,
          uniq_natasha, uniq_jessica

Skill      XL: |  1  2  3  4 |
---------------+-------------+-----
Stealth        | 1 2 3 |  3.1
Short Blades   | 4 |  4.8
Dodging        | 5 |  5.4
Fighting       | |  2.4

Action                   |  1- 3 |  4- 6 || total
-------------------------+-------+-------++-------
Melee: Short sword       |   127 |     4 ||   131
       Unarmed           |       |     6 ||     6
Invok: Berserk           |     2 |       ||     2
 Stab: Sleeping          |     4 |     1 ||     5
Armor: Animal skin       |    13 |       ||    13
Dodge: Dodged            |   110 |    10 ||   120

Table legend:
 A = Spawn XP
 B = Non-spawn XP
 C = Spawn XP percentage of total XP
 D = Spawn monster count
 E = Non-spawn monster count
 F = Spawn count percentage of total count
 G = Total turns spent on level
                    A         B        C        D         E        F      G
               +---------+---------+-------+---------+---------+-------+---------
         Total |       0 |     156 |   0.0 |       0 |      32 |   0.0 |  1870
               +---------+---------+-------+---------+---------+-------+---------
           D:1 |       0 |      33 |   0.0 |       0 |      18 |   0.0 |  1369
           D:2 |       0 |     123 |   0.0 |       0 |      14 |   0.0 |   501
               +---------+---------+-------+---------+---------+-------+---------
